 Dungeon Crawl Stone Soup version 0.21-a0-638-g11b2e07010 (webtiles) character file.

137 Kaname the Conjurer (level 5, 34/35 HPs)
             Began as a Demonspawn Wizard on Dec 30, 2017.
             Quit the game on level 3 of the Dungeon.
             The game lasted 00:06:36 (2104 turns).

Kaname the Conjurer (Demonspawn Wizard)             Turns: 2104, Time: 00:06:37

Health: 34/35      AC:  4    Str:  8    XL:     5   Next: 0%
Magic:  8/9        EV: 13    Int: 20    God:
Gold:   107        SH:  3    Dex: 11    Spells: 4/10 levels left

rFire    . . .     SeeInvis .   u - +4 falchion (freeze)
rCold    . . .     Gourm    .   e - +0 buckler
rNeg     . . .     Faith    .   a - +0 robe
rPois    .         Spirit   .   b - +0 hat
rElec    .         Reflect  .   (no cloak)
rCorr    +         Harm     .   v - +1 pair of gloves
MR       .....                  (no boots)
Stlth    +++.......             h - amulet of magic regeneration
HPRegen  1.11/turn              q - ring of resist corrosion
MPRegen  0.36/turn              (no ring)

@: no status effects
A: repulsion field 1, nightstalker 1, powered by death 1
a: no special abilities


You were on level 3 of the Dungeon.
You were hungry.

You visited 1 branch of the dungeon, and saw 3 of its levels.

You collected 107 gold pieces.

Inventory:

Hand Weapons
 u - a +4 falchion of freezing (weapon)
Armour
 a - a +0 robe (worn)
 b - a +0 hat (worn)
 e - a +0 buckler (worn)
 v - a +1 pair of gloves (worn)
Jewellery
 h - an amulet of magic regeneration (around neck)
 q - a ring of resist corrosion (left hand)
Scrolls
 i - 2 scrolls of identify {unknown}
 l - 2 scrolls of teleportation {unknown}
 m - a scroll of blinking {unknown}
 n - a scroll of remove curse {unknown}
 s - a scroll of immolation {unknown}
Potions
 f - a potion of lignification {unknown}
 g - a potion of cancellation {unknown}
 j - a potion of invisibility {unknown}
 k - a potion of agility {unknown}
 p - 2 potions of might {unknown}
 r - 2 potions of brilliance {unknown}
 t - a potion of degeneration {unknown}
Books
 c - a book of Minor Magic

   Spells                             Type                      Level
   a - Magic Dart                     Conjuration                  1
   b - Blink                          Translocation                2
   c - Call Imp                       Summoning                    2
   d - Slow                           Hexes                        2
   e - Conjure Flame                  Conjuration/Fire             3
   f - Mephitic Cloud                 Conjuration/Poison/Air       3
Comestibles
 d - 4 rations


   Skills:
 - Level 1.7 Dodging
 - Level 1.7 Stealth
 - Level 3.0 Spellcasting
 - Level 4.0 Conjurations
   Level 1.0 Summonings
 - Level 0.8 Translocations
 - Level 1.2 Air Magic
 + Level 1.6 Poison Magic


You had 4 spell levels left.
You knew the following spells:

 Your Spells              Type           Power        Failure   Level  Hunger
a - Magic Dart            Conj           ###.         4%          1    None
b - Blink                 Tloc           N/A          26%         2    ##.....
c - Mephitic Cloud        Conj/Pois/Air  ##......     26%         3    ###....


Dungeon Overview and Level Annotations

Branches:
Dungeon (3/15)

Altars:
Uskayaw


Innate Abilities, Weirdness & Mutations

You are surrounded by a mild repulsion field. (EV +2)
You are slightly more attuned to the shadows.
You regenerate a little health from kills.


Message History

You hit the jackal. You freeze the jackal.
You kill the jackal!
An adder comes into view.
You miss the adder. The adder closely misses you. x2
You barely miss the adder. The adder closely misses you.
You riposte.
You closely miss the adder. The adder bites you.
Casting: Magic Dart
Confirm with . or Enter, or press ? or * to list all spells.
Aiming: Magic Dart
Press: ? - help, Shift-Dir - straight line, f - adder
Aim: an adder The magic dart hits the adder.
The adder is severely wounded.
The adder bites you but does no damage.
You slash the adder! You freeze the adder.
You kill the adder!
You have reached level 5!
Your demonic ancestry asserts itself...
You begin to radiate repulsive energy.
Are you sure you want to abandon this character and quit the game? (Confirm with "yes".)

#.#####..####.#
.#
#.............#
#
########.######
#.# #.# #.# #.#
#.# #@# #h# #K.
###. #> .# .


You could see a jackal and a kobold.

Vanquished Creatures
  Jessica (D:3)
  Terence (D:2)
  3 gnolls (D:2)
  An adder (D:3)
  3 dart slugs
  A leopard gecko (D:2)
  4 giant cockroaches
  2 goblins
  6 hobgoblins
  6 jackals
  A ball python (D:3)
  5 bats
  A frilled lizard (D:2)
  5 kobolds
  2 rats
42 creatures vanquished.

Notes
Turn   | Place    | Note
-------+----------+-------------------------------------------
     0 | D:1      | Kaname the Demonspawn Wizard began the quest for the Orb.
     0 | D:1      | Reached XP level 1. HP: 13/13 MP: 4/4
   427 | D:1      | Reached skill level 2 in Conjurations
   467 | D:1      | Gained mutation: You regenerate a little health from kills. [demonic ancestry]
   467 | D:1      | Reached XP level 2. HP: 8/19 MP: 4/6
   513 | D:1      | Learned a level 2 spell: Blink
  1029 | D:2      | Noticed Terence
  1087 | D:2      | Noticed a dagger
  1103 | D:2      | Found a hide-covered altar of Uskayaw.
  1104 | D:2      | Noticed a dagger
  1177 | D:2      | Reached skill level 3 in Conjurations
  1180 | D:2      | Reached XP level 3. HP: 16/24 MP: 1/7
  1185 | D:2      | Learned a level 3 spell: Mephitic Cloud
  1309 | D:2      | Reached skill level 1 in Poison Magic
  1343 | D:2      | Reached skill level 1 in Air Magic
  1644 | D:2      | Gained mutation: You are slightly more attuned to the shadows. [demonic ancestry]
  1644 | D:2      | Reached XP level 4. HP: 30/30 MP: 5/8
  1857 | D:2      | Killed Terence
  1901 | D:3      | Noticed Jessica
  1971 | D:3      | Killed Jessica
  1971 | D:3      | Reached skill level 4 in Conjurations
  2103 | D:3      | Gained mutation: You are surrounded by a mild repulsion field. (EV +2) [demonic ancestry]
  2103 | D:3      | Reached XP level 5. HP: 33/35 MP: 7/9
  2104 | D:3      | Quit the game

Vault maps used:
D:1:      dpeg_arrival_signposts, minmay_stone_trees_small
D:2:      cheibrodos_old_hovel, dancing_weapons_uskayaw,
          corexii_item_surrounded_by_moat, uniq_terence
D:3:      uniq_jessica

Skill      XL: |  1  2  3  4 |
---------------+-------------+-----
Conjurations   | 2 3 4 |  4.0
Poison Magic   | 1 |  1.6
Air Magic      | 1 |  1.2
Dodging        | |  1.7
Stealth        | |  1.7
Spellcasting   | |  3.0
Summonings     | |  1.0
Translocations | |  0.8

Action                   |  1- 3 |  4- 6 || total
-------------------------+-------+-------++-------
Melee: Unarmed           |    21 |       ||    21
       Short sword       |    17 |     3 ||    20
       Falchion          |       |    16 ||    16
 Cast: Magic Dart        |    77 |    28 ||   105
       Mephitic Cloud    |       |     1 ||     1
 Stab: Sleeping          |       |     1 ||     1
  Eat: Chunk             |     2 |     1 ||     3
Armor: Robe              |    10 |     3 ||    13
Dodge: Dodged            |    19 |    12 ||    31
Block: Buckler           |     8 |       ||     8
       Rpst.: Falchion   |       |     4 ||     4

Table legend:
 A = Spawn XP
 B = Non-spawn XP
 C = Spawn XP percentage of total XP
 D = Spawn monster count
 E = Non-spawn monster count
 F = Spawn count percentage of total count
 G = Total turns spent on level
                    A         B        C        D         E        F      G
               +---------+---------+-------+---------+---------+-------+---------
         Total |       0 |     197 |   0.0 |       0 |      42 |   0.0 |  2104
               +---------+---------+-------+---------+---------+-------+---------
           D:1 |       0 |      25 |   0.0 |       0 |      14 |   0.0 |  1049
           D:2 |       0 |     108 |   0.0 |       0 |      19 |   0.0 |   831
           D:3 |       0 |      64 |   0.0 |       0 |       9 |   0.0 |   224
               +---------+---------+-------+---------+---------+-------+---------
